 Dungeon Crawl Stone Soup version 0.30.1-11-g7821555f0a (webtiles) character file.

Game seed: 3376146588172900693

51426 VictoriousLee the Stormcaller (level 14, -3/82 HPs)
             Began as a Tengu Reaver on Nov 17, 2023.
             Was an Initiate of Gozag.
             Slain by a cane toad (8 damage)
             ... on level 4 of the Lair of Beasts on Nov 27, 2023.
             The game lasted 03:17:44 (20488 turns).

VictoriousLee the Stormcaller (Tengu Reaver)       Turns: 20488, Time: 03:17:44

Health: -3/82      AC:  8    Str: 12    XL:     14   Next: 59%
Magic:  23/27      EV: 14    Int: 19    God:    Gozag
Gold:   3475       SH: 18    Dex: 13    Spells: 10/29 levels left

rFire   + . .        a - +1 falchion (elec)
rCold   . . .        A - +2 kite shield
rNeg    . . .        O - +0 robe {rF+}
rPois   +            (helmet restricted)
rElec   .            N - +1 cloak {rPois}
rCorr   .            (no gloves)
SInv    .            (boots unavailable)
Will    ++...        U - amulet of reflection
Stlth   +            M - +4 ring of protection
HPRegen 0.33/turn    J - ring of willpower
MPRegen 0.20/turn

%: reflection
@: lethally poisoned (-3 -> -11), about to teleport, flying quickly and
evasively, studying 3 skills, invisible, quick
A: beak, talons 3, nimble flight
a: Renounce Religion, Potion Petition, Call Merchant, Bribe Branch


You were on level 4 of the Lair of Beasts.
You worshipped Gozag.
Gozag was most pleased with you.
You visited 3 branches of the dungeon, and saw 16 of its levels.
You also visited: Bailey and Gauntlet.

You collected 3910 gold pieces.
You paid 435 gold pieces to Gozag.

Inventory:

Hand Weapons
 a - a +1 falchion of electrocution (weapon)
 Y - a +3 falchion of freezing
Missiles
 j - 6 silver javelins
 t - 23 poisoned darts
 R - 3 throwing nets
Armour
 g - a +1 robe of positive energy
 A - a +2 kite shield (worn)
 N - a +1 cloak of poison resistance (worn)
 O - a +0 robe of fire resistance (worn)
 V - a +2 ring mail of willpower
Magical Staves
 b - a staff of conjuration
Jewellery
 e - a ring of protection from fire
 l - a ring of see invisible
 J - a ring of willpower (right hand)
 M - a +4 ring of protection (left hand)
 U - an amulet of reflection (around neck)
Wands
 d - a wand of digging (4)
 i - a wand of flame (25)
 k - a wand of light (6)
 E - a wand of charming (17)
 L - a wand of mindburst (4)
 S - a wand of roots (5)
Scrolls
 h - 3 scrolls of enchant weapon
 m - a scroll of fog
 o - 3 scrolls of magic mapping
 w - 4 scrolls of poison
 y - a scroll of torment {unknown}
 B - 2 scrolls of fear
 C - a scroll of immolation {unknown}
 F - 2 scrolls of teleportation
 I - 2 scrolls of amnesia
 X - a scroll of enchant armour
Potions
 n - a potion of haste {unknown}
 q - a potion of magic
 s - 6 potions of attraction
 u - 7 potions of curing
 x - 4 potions of mutation
 z - 2 potions of might
 D - 4 potions of berserk rage
 P - 3 potions of brilliance
Miscellaneous
 f - a condenser vane (inert)
 v - a phial of floods (inert)
 Q - a phantom mirror (inert)
 W - a box of beasts (inert)


   Skills:
 - Level 7.3 Fighting
 - Level 13.0 Long Blades
 - Level 6.0 Armour
 - Level 4.8 Dodging
 - Level 10.0 Shields
 + Level 8.4 Spellcasting
 - Level 13.0 Conjurations
 - Level 7.0 Summonings
 - Level 15.1 Air Magic
 - Level 4.0 Evocations


You had 10 spell levels left.
You knew the following spells:

 Your Spells              Type           Power      Damage    Failure   Level
a - Kiss of Death         Conj/Necr      100%       2d13      1%          1
b - Conjure Ball Lightni  Conj/Air       28%        3x3d8     11%         6
c - Mephitic Cloud        Conj/Pois/Air  43%        N/A       1%          3
d - Hailstorm             Conj/Ice       32%        3d8       4%          3
e - Momentum Strike       Conj/Tloc      64%        3d9       2%          2
p - Summon Lightning Spi  Summ/Air       50%        N/A       2%          4

Your spell library contained the following spells:

 Spells                   Type           Power      Damage    Failure   Level
 Magic Dart               Conj           100%       1d8       1%          1
 Summon Small Mammal      Summ           100%       N/A       1%          1
 Call Imp                 Summ           68%        N/A       1%          2
 Searing Ray              Conj           100%       2d8       1%          2
 Call Canine Familiar     Summ           34%        N/A       3%          3
 Summon Guardian Golem    Hex/Summ       21%        N/A       16%         3
 Fulminant Prism          Conj/Hex       16%        3d11      16%         4
 Apportation              Tloc           16%        N/A       22%         1
 Necrotise                Necr           32%        1d5       22%         1
 Sting                    Tmut/Pois      32%        1d4       22%         1
 Confusing Touch          Hex            8%         N/A       56%         3
 Vampiric Draining        Necr           8%         2d6       56%         3
 Dispel Undead            Necr           8%         3d8       92%         4
 Olgreb's Toxic Radiance  Pois           8%         N/A       92%         4
 Maxwell's Capacitive Co  Air            30%        ∞         96%         8
 Agony                    Necr           8%         N/A       99%         5
 Storm Form               Tmut/Air       18%        N/A       100%        7
 Discord                  Hex            4%         N/A       100%        8
 Disjunction              Tloc           4%         N/A       100%        8
 Ignition                 Fire           4%         3d4       100%        8


Dungeon Overview and Level Annotations

Branches:
Dungeon (10/15)            Temple (1/1) D:6            Lair (5/5) D:9
  Swamp (0/4) Lair:2        Snake (0/4) Lair:3          Orc (0/2) D:10
 Bailey (visited)         Gauntlet (visited)
  Slime: Lair:4-5

Altars:
Ashenzari
Cheibriados
Dithmenos
Elyvilon
Fedhas
Gozag
Hepliaklqana
Kikubaaqudgha
Makhleb
Nemelex Xobeh
Okawaru
Qazlal
Ru
Sif Muna
Trog
Uskayaw
Vehumet
Wu Jian
Xom
Yredelemnul
Zin
The Shining One

Shops:
D:4 *

Annotations:
D:9 3 transporters
D:10 2 runed translucent doors, Jaukkuri's ghost, novice DECK


Innate Abilities, Weirdness & Mutations

You have a beak for a mouth.
You have claws for feet.
Your magical nature lets you fly swiftly and evasively.


Message History

You fall asleep.
You stop ascending the stairs.
You hear a croak.
The cane toad gives a loud, deep croak!
The endoplasm hits you but does no damage.
The endoplasm quivers.
The endoplasm completely misses you.
The endoplasm hits you but does no damage.
The skyshark bites you but does no damage.
The skyshark tail-slaps you!!
You wake up.
You block the skyshark's attack.
The blink frog blinks!
You block the endoplasm's attack. You block the skyshark's attack.
The skyshark tail-slaps you. The skyshark completely misses you.
The cane toad stings you!!
You fly upwards.
There is a stone staircase leading down here.
As you read the scroll of fear, it crumbles to dust.
You assume a fearsome visage.
The cane toad easily resists.
The endoplasm looks frightened!
The skyshark looks frightened!
The cane toad stings you.
You are poisoned.
The cane toad poisons you!
As you read the scroll of teleportation, it crumbles to dust.
You feel strangely unstable.
You feel very sick. You block the cane toad's attack.
Casting: Summon Lightning Spire (dangerous; 2% risk of failure)
Press: ? - help, Q - select action, (/) - cycle Dir - look around, f - activate An electric hum fills the air.
You feel very sick. The cane toad closely misses you.
The cane toad attacks as you move away! You block the cane toad's attack.
You feel very sick. The cane toad stings you!
* * * LOW HITPOINT WARNING * * *
You fade into invisibility!
* * * LOW HITPOINT WARNING * * *
You feel very sick. The cane toad stings you!
You die...
Your body crumbles into a pile of gold.

P.........<......P#
..................#
..................#
.................### ###
...............#...# #.#
.............##.#..#####.#
...........######...#J..##
.........### ####...####
......#.## ##.@...##
..####### ####.>F8...##
.## #.#.........# ###
####.........l# #.#
#.............# ..#
##............# ..#
##.............# ###
#.............## #
#.............#


You could see a skyshark (unable to see you, fleeing, ally target), a cane toad
(unable to see you), an endoplasm (fleeing) and a friendly lightning spire
(summoned).

Vanquished Creatures
  A minotaur (Gauntlet)
  Harold (D:10)
  An alligator (Lair:4)
  3 hydras
  5 death yaks
  A tengu warrior (Gauntlet)
  11 elephants
  3 cane toads
  A komodo dragon (Lair:1)
  The ghost of Jingleheimer the Chiller, a novice OpTm (D:4)
  A polar bear (Lair:3)
  A hornet (D:7)
  6 blink frogs
  A shadow (D:10)
  7 yaks
  A warg (D:10)
  An acid dragon (D:10)
  2 swamp worms (Lair:2)
  5 water moccasins
  2 orc warriors (Bailey)
  An ice beast (D:5)
  A sky beast (D:6)
  A wolf (Lair:3)
  9 centaurs
  2 phantoms (D:5)
  A nameless horror (Bailey)
  2 kobold brigands
  7 bullfrogs
  A gnoll sergeant (D:4)
  A scorpion (D:7)
  6 wights
  2 killer bees (D:10)
  4 electric eels
  3 howler monkeys
  7 hounds
  5 orc priests
  2 jellies
  5 iguanas
  A sleepcap (D:4)
  Ijyb (D:4)
  10 orc wizards
  3 hell rats (Lair:5)
  A hound zombie (D:3)
  9 adders
  4 gnolls
  4 river rats (Lair:4)
  2 white imps
  4 ufetubi
  An adder zombie (D:3)
  2 worms
  28 orcs
  8 endoplasms
  3 giant cockroaches
  10 goblins
  10 hobgoblins
  6 quokkas
  8 ball pythons
  4 bats
  3 frilled lizards (D:1)
  14 kobolds
  10 rats
  A butterfly (Lair:4)
262 creatures vanquished.

Vanquished Creatures (collateral kills)
  2 hydras
  A two-headed ogre (D:9)
  A boulder beetle (Lair:4)
  6 death yaks
  2 bog bodies (Lair:2)
  A black mamba (Lair:1)
  3 elephants
  A cane toad (shapeshifter) (D:8)
  A cane toad (Lair:2)
  2 torpor snails
  2 komodo dragons (Lair:4)
  2 tengu conjurers (Gauntlet)
  2 polar bears
  Prince Ribbit (D:7)
  2 hornets (Gauntlet)
  5 blink frogs
  Grum (D:8)
  2 wyverns
  12 yaks
  A basilisk (D:9)
  A steam dragon (D:8)
  6 nagas (Lair:3)
  4 water moccasins
  7 orc warriors (Bailey)
  A black bear (D:9)
  5 wolves
  8 centaurs
  2 bullfrogs
  A scorpion (D:7)
  5 wights (D:9)
  6 killer bees
  A howler monkey (D:10)
  2 gnoll boudas
  2 orc wizards
  2 hell rats (Lair:4)
  9 gnolls
  5 river rats (Lair:4)
  28 orcs
  2 hobgoblins (D:7)
  2 goblins (D:7)
  4 kobolds (D:9)
  2 rats (Lair:4)
  A ball lightning (D:10)
156 creatures vanquished.

Vanquished Creatures (others)
  25 ball lightnings
25 creatures vanquished.

Grand Total: 443 creatures vanquished

Notes
Turn   | Place    | Note
-------+----------+-------------------------------------------
     0 | D:1      | VictoriousLee the Tengu Reaver began the quest for the Orb.
     0 | D:1      | Reached XP level 1. HP: 12/12 MP: 4/4
    86 | D:1      | Reached XP level 2. HP: 14/17 MP: 6/6
   309 | D:1      | Found a faded altar of an unknown god.
   314 | D:1      | Got Plato's Atlas of Transmuted Putridity
   489 | D:1      | Reached XP level 3. HP: 11/20 MP: 5/7
   492 | D:1      | Learned a level 2 spell: Momentum Strike
   623 | D:1      | Reached skill level 5 in Conjurations
  1279 | D:2      | Reached XP level 4. HP: 21/26 MP: 8/8
  2272 | D:3      | Found a radiant altar of Vehumet.
  2313 | D:3      | Reached skill level 5 in Long Blades
  2313 | D:3      | Reached skill level 1 in Air Magic
  2313 | D:3      | Gained mutation: Your magical nature lets you fly swiftly
                  | and evasively. [Tengu growth]
  2313 | D:3      | Reached XP level 5. HP: 18/30 MP: 9/9
  2404 | D:3      | Found a blossoming altar of Fedhas.
  2462 | D:3      | Found a basalt altar of Yredelemnul.
  2531 | D:3      | Reached skill level 2 in Air Magic
  2643 | D:3      | Reached XP level 6. HP: 35/35 MP: 10/10
  2858 | D:3      | Reached skill level 3 in Air Magic
  3184 | D:3      | Found a shimmering blue altar of Sif Muna.
  3191 | D:3      | Found a bloodstained altar of Trog.
  3206 | D:3      | Got Sif Muna's Papyrus of Elsewhere
  3513 | D:4      | Found a transporter.
  3519 | D:4      | Noticed Jingleheimer's ghost (novice OpTm)
  3535 | D:4      | Identified the +5 spear of True Grit {elec, rN+}
  3535 | D:4      | Identified the +2 scale mail of Terror {*Slow rF+ rN+}
  3602 | D:4      | Found a transporter.
  3634 | D:4      | Reached skill level 1 in Summonings
  3635 | D:4      | Found a burning altar of Makhleb.
  3667 | D:4      | Reached skill level 4 in Air Magic
  3738 | D:4      | Found Zin's Purification Station.
  3738 | D:4      | Found a glowing silver altar of Zin.
  3750 | D:4      | Found a white marble altar of Elyvilon.
  3808 | D:4      | Reached XP level 7. HP: 40/40 MP: 11/11
  4009 | D:4      | Reached skill level 5 in Air Magic
  4062 | D:4      | Noticed Ijyb
  4076 | D:4      | Killed Ijyb
  4336 | D:5      | Entered Level 5 of the Dungeon
  4728 | D:5      | Reached skill level 5 in Summonings
  4826 | D:5      | Reached XP level 8. HP: 21/44 MP: 9/12
  5104 | D:5      | Found an opulent altar of Gozag.
  5115 | D:5      | Became a worshipper of Gozag Ym Sagoz the Greedy
  5191 | D:5      | Identified a scroll of acquirement
  5192 | D:5      | Acquired a staff of conjuration
  5509 | D:6      | Found a stormy altar of Qazlal.
  5555 | D:6      | Learned a level 3 spell: Mephitic Cloud
  5593 | D:6      | Learned a level 4 spell: Summon Lightning Spire
  5673 | D:6      | Reached skill level 6 in Air Magic
  5734 | D:6      | Found a staircase to the Ecumenical Temple.
  5743 | Temple   | Entered the Ecumenical Temple
  6174 | D:7      | Noticed a hornet
  6214 | D:7      | Killed a hornet
  6238 | D:7      | Noticed Prince Ribbit
  6251 | D:7      | Killed Prince Ribbit
  6252 | D:7      | Reached skill level 5 in Spellcasting
  6252 | D:7      | Reached skill level 7 in Air Magic
  6252 | D:7      | Reached XP level 9. HP: 39/48 MP: 7/18
  6257 | D:7      | Found a flagged portal.
  6289 | D:7      | Learned a level 3 spell: Hailstorm
  6291 | Bailey   | Entered a bailey
  6698 | Bailey   | Reached skill level 8 in Air Magic
  7161 | Bailey   | Reached skill level 9 in Air Magic
  7292 | Bailey   | Reached XP level 10. HP: 53/53 MP: 7/20
  7339 | Bailey   | Reached skill level 10 in Air Magic
  7726 | D:4      | Killed Jingleheimer's ghost
  8197 | D:7      | Reached skill level 10 in Shields
  8197 | D:7      | Reached XP level 11. HP: 67/67 MP: 21/21
  8442 | D:7      | Reached skill level 10 in Conjurations
  8463 | D:7      | Reached skill level 11 in Air Magic
  8688 | D:8      | Found a hazy altar of Hepliaklqana.
  8751 | D:8      | Found a broken altar of Ashenzari.
  8897 | D:8      | Found an ornate altar of the Wu Jian Council.
  8911 | D:8      | Identified the +2 rapier "Kiyz" {freeze, +Blink rPois rF+
                  | Str-5}
  8994 | D:8      | Found an ancient bone altar of Kikubaaqudgha.
  9035 | D:8      | Noticed a harpy
  9036 | D:8      | a harpy changed into a spriggan
  9108 | D:8      | Noticed Grum
  9119 | D:8      | Killed Grum
  9329 | D:9      | Found a transporter.
  9349 | D:9      | Found a transporter.
  9386 | D:9      | Found a staircase to the Lair.
  9910 | D:9      | Noticed a two-headed ogre
  9923 | D:9      | Killed a two-headed ogre
  9942 | D:9      | Reached XP level 12. HP: 68/72 MP: 15/23
 10017 | D:9      | Found a transporter.
 10359 | D:9      | Found a transporter.
 10396 | D:10     | Entered Level 10 of the Dungeon
 10479 | D:10     | Found a staircase to the Orcish Mines.
 10690 | Lair:1   | Entered Level 1 of the Lair of Beasts
 10794 | Lair:1   | Reached skill level 10 in Long Blades
 10826 | Lair:1   | Reached skill level 12 in Air Magic
 10826 | Lair:1   | Reached XP level 13. HP: 50/76 MP: 16/24
 11149 | Lair:1   | Reached skill level 13 in Air Magic
 11345 | Lair:1   | Reached skill level 14 in Air Magic
 12023 | Lair:2   | Reached skill level 15 in Air Magic
 12685 | Lair:2   | Reached skill level 1 in Evocations
 13500 | Lair:2   | Found a staircase to the Swamp.
 13912 | Lair:3   | Found a gate leading to a gauntlet.
 13994 | Gauntlet | Entered a Gauntlet
 13994 | Gauntlet | Found a transporter.
 14004 | Gauntlet | Found a transporter.
 14004 | Gauntlet | Found a transporter.
 14005 | Gauntlet | Found a transporter.
 14013 | Gauntlet | Found a transporter.
 14016 | Gauntlet | Found a transporter.
 14017 | Gauntlet | Found a transporter.
 14026 | Gauntlet | Found a transporter.
 14028 | Gauntlet | Found a transporter.
 14029 | Gauntlet | Found a transporter.
 14037 | Gauntlet | Found a transporter.
 14040 | Gauntlet | Found a transporter.
 14041 | Gauntlet | Found a transporter.
 14049 | Gauntlet | Found a transporter.
 14147 | Gauntlet | Identified the amulet "Garanaf" {Regen+ SInv}
 14378 | Gauntlet | Noticed a minotaur
 14399 | Gauntlet | Killed a minotaur
 14601 | Lair:3   | Reached XP level 14. HP: 77/77 MP: 20/25
 14606 | Lair:3   | Found a staircase to the Snake Pit.
 17487 | Lair:5   | Entered Level 5 of the Lair of Beasts
 17847 | Lair:4   | Learned a level 6 spell: Conjure Ball Lightning
 19168 | D:10     | Found a runed translucent door.
 19174 | D:10     | Found a runed translucent door.
 19179 | D:10     | Noticed a lich
 19179 | D:10     | Noticed Jaukkuri's ghost (novice DECK)
 19212 | D:10     | Found a glowing golden altar of the Shining One.
 19233 | D:10     | Noticed Harold
 19254 | D:10     | Killed Harold
 20221 | D:10     | Found a shimmering altar of Xom.
 20488 | Lair:4   | Slain by a cane toad

Illustrated notes

Levels and vault maps discovered:
D:1:      denvon_arrival_planthouse, layout_loops_corners,
          shapermc_ecumenical_altar_rom_forum
D:2:      layout_basic
D:3:      cheibrodos_helix_gallery, layout_basic,
          nzn_overflow_gifts_of_might_and_magic, fedhas_ov_isle_minmay,
          nicolae_vehumet_radiance, lemuel_zombie_altar_yredelemnul
D:4:      layout_loops_cross, zin_purify, elyvilon_altar_3,
          makhleb_heckhound_becter, gammafunk_ghost_gnarly_gnolls, uniq_ijyb
D:5:      layout_loops_ring, lemuel_tele_altar, serial_bayou_lake_a
D:6:      layout_loops_cross, nicolae_qazlal_beasts_of_the_sky,
          minmay_temple_entry_waves, dreamdust_wishing_well
D:7:      layout_cave_pools, enter_bailey_4, grunt_ministairs_11,
          uniq_prince_ribbit1
D:8:      layout_rooms, kiku_gazebo_garden_becter, mainiacjoe_overflow_paths,
          mainiacjoe_overflow_alcove_4, nicolae_ashenzari_skybound,
          kennysheep_cluttered_room, uniq_grum
D:9:      layout_gridville, david_lair_generic, nicolae_transporter_intersection
D:10:     layout_basic, mainiacjoe_overflow_catwalk, general_overflow_altar,
          david_orc_3, muffindrake_ghost_dual_entry, uniq_harold
Temple:   nicolae_temple_superstar
Lair:1:   cheibrodos_lair_river_kwai, layout_misc_corridors, serial_rivers,
          chequers_serial_rivers_small_a, chequers_serial_rivers_small_3,
          chequers_serial_rivers_micro_d, chequers_serial_rivers_micro_c
Lair:2:   layout_concentric_octagons, nicolae_swamp_entry_splash_gauntlet,
          minmay_shattered_shrine
Lair:3:   layout_regular_city, minmay_snake_entry_guardpost_large,
          gauntlet_entry_generic, minivault_11, infiniplex_staircase_pool,
          lemuel_fruit_tree
Lair:4:   layout_cave_pods, kennysheep_rathole, serial_bayou_shore_a,
          lemuel_fruit_fields
Lair:5:   cheibrodos_lair_end_hotspot, layout_cave_pods,
          nicolae_slime_entry_slimehenge

Skill      XL: |  1  2  3  4  5  6  7  8  9 10 11 12 13 14 |
---------------+-------------------------------------------+-----
Long Blades    | 4 5 6 9 10 12 13 | 13.0
Conjurations   | 5 8 9 10 13 | 13.0
Air Magic      | 1 2 4 5 7 9 10 11 12 15 | 15.1
Summonings     | 1 6 7 |  7.0
Spellcasting   | 5 6 7 8 |  8.4
Fighting       | 7 |  7.3
Shields        | 10 | 10.0
Armour         | 6 |  6.0
Dodging        | 4 |  4.8
Evocations     | 4 |  4.0

Action                     |  1- 3 |  4- 6 |  7- 9 | 10-12 | 13-15 || total
---------------------------+-------+-------+-------+-------+-------++-------
  Melee: Falchion          |    90 |    15 |   170 |   133 |   275 ||   683
         Kick              |    18 |    52 |    39 |    35 |   124 ||   268
         Peck              |     8 |    21 |    49 |    36 |    77 ||   191
         Punch             |     1 |     4 |     6 |       |       ||    11
         Dagger            |       |    99 |       |       |       ||    99
         Short sword       |       |    63 |     7 |       |       ||    70
         Staff             |       |       |       |       |     7 ||     7
  Throw: Dart              |       |       |     2 |       |    10 ||    12
   Cast: Kiss of Death     |     1 |       |       |       |     5 ||     6
         Momentum Strike   |       |       |     3 |     1 |       ||     4
         Mephitic Cloud    |       |       |    15 |    11 |    40 ||    66
         Summon Lightning  |       |       |    31 |    39 |    95 ||   165
         Hailstorm         |       |       |       |     2 |     9 ||    11
         Conjure Ball Ligh |       |       |       |       |    14 ||    14
 Invoke: Potion Petition   |       |       |       |     1 |     1 ||     2
  Evoke: Wand              |       |       |       |     2 |     7 ||     9
         Box of beasts     |       |       |       |       |     2 ||     2
         Phial of floods   |       |       |       |       |     1 ||     1
         Phantom mirror    |       |       |       |       |     1 ||     1
         Condenser vane    |       |       |       |       |     1 ||     1
    Use: Scroll            |       |     4 |    10 |     8 |    10 ||    32
         Potion            |       |       |     4 |     2 |     6 ||    12
   Stab: Confused          |       |       |     2 |     1 |     8 ||    11
         Distracted        |       |       |     1 |     2 |     7 ||    10
 Armour: Leather armour    |    14 |    30 |    19 |    23 |    16 ||   102
         Robe              |       |       |       |       |    29 ||    29
  Dodge: Dodged            |    37 |    89 |   133 |    60 |    96 ||   415
  Block: Kite shield       |       |       |       |   116 |   260 ||   376
         Reflection        |       |       |       |    10 |     5 ||    15
